NYP
ROME BRAVES @ EUGENE EMERALDS
07/20/2048
 
TOP OF THE 1ST
Rome Braves batting - Pitching for Cincinnati (NYP) Reds : RHP Eduardo Barrera
Pitching: RHP Eduardo Barrera
Batting: SHB Jorge Valenzuela 0-0: Swinging Strike
0-1: Swinging Strike
0-2: Ball
1-2: Foul Ball, location: 2F
1-2: Foul Ball, location: 2F
1-2: Hit by Pitch
Batting: RHB Kenma Tabuchi 0-0: Ball
Jorge Valenzuela steals 2nd base
1-0: Ball
2-0: Ground out 6-3 (Groundball, 6S, EV 83.8 MPH)
Batting: LHB Yami Ojo 0-0: Called Strike
0-1: Foul Ball, location: 2F
0-2: Strikes out swinging
Batting: LHB Alex Gomez 0-0: Ground out 6-3 (Groundball, 6, EV 103.1 MPH)
Top of the 1st over - 0 runs, 0 hits, 0 errors, 1 left on base; Rome 0 - Cincinnati (NYP) 0
BOTTOM OF THE 1ST
Cincinnati (NYP) Reds batting - Pitching for Rome Braves : RHP Berend Veldkamp
Pitching: RHP Berend Veldkamp
Batting: LHB Tony de Jesus 0-0: Called Strike
0-1: Foul Ball, location: 2F
0-2: Ball
1-2: SOLO HOME RUN (Flyball, 9D, EV 100.0 MPH), Distance : 399 ft
Batting: LHB Freek Martens 0-0: Ball
1-0: Ball
2-0: Ball
3-0: Ground out 1-3 (Groundball, 23, EV 69.4 MPH)
Batting: RHB Kvetoslav Horvath 0-0: Ball
1-0: Called Strike
1-1: Ball
2-1: Fly out, F9 (Flyball, 9LS, EV 95.0 MPH)
Batting: LHB Leo Gonzalez 0-0: Ball
1-0: Ball
2-0: Ball
3-0: Base on Balls
Batting: RHB Ivan Cervantes 0-0: Ball
1-0: Called Strike
1-1: Ball
2-1: Swinging Strike
2-2: Strikes out looking
Bottom of the 1st over - 1 run, 1 hit, 0 errors, 1 left on base; Rome 0 - Cincinnati (NYP) 1
TOP OF THE 2ND
Rome Braves batting - Pitching for Cincinnati (NYP) Reds : RHP Eduardo Barrera
Batting: LHB Brian Horton 0-0: Ball
1-0: Ball
2-0: Ball
3-0: Called Strike
3-1: Ground out 6-3 (Groundball, 6D, EV 82.5 MPH)
Batting: RHB Jim Wright 0-0: Foul Ball, location: 2F
0-1: SINGLE (Groundball, 34S, EV 77.5 MPH) (infield hit)
Batting: RHB Ed Haydon 0-0: Called Strike
Jim Wright steals 2nd base
0-1: Ball
1-1: Foul Ball, location: 2F
1-2: Strikes out swinging, 2-3 out at first.
Batting: SHB Tom Watson 0-0: Called Strike
0-1: Swinging Strike
0-2: Ground out 4-3 (Groundball, 4, EV 88.8 MPH)
Top of the 2nd over - 0 runs, 1 hit, 0 errors, 1 left on base; Rome 0 - Cincinnati (NYP) 1
BOTTOM OF THE 2ND
Cincinnati (NYP) Reds batting - Pitching for Rome Braves : RHP Berend Veldkamp
Batting: RHB Ashley Zaid 0-0: Called Strike
0-1: Ground out 5-3 (Groundball, 5L, EV 107.5 MPH)
Batting: RHB Luis Aguirre 0-0: Ball
1-0: Reached on error, E8 (Flyball, 8RM, EV 80.6 MPH)
Batting: RHB Eduardo Barrera 0-0: Ball
Luis Aguirre steals 2nd base
1-0: Called Strike
1-1: Ball
2-1: Called Strike
2-2: Ground out 6-3 (Groundball, 4M, EV 88.8 MPH)
Luis Aguirre to third
Batting: RHB Bill Simon 0-0: Ball
1-0: Foul Ball, location: 2F
1-1: Swinging Strike
1-2: Strikes out swinging
Bottom of the 2nd over - 0 runs, 0 hits, 1 error, 1 left on base; Rome 0 - Cincinnati (NYP) 1
TOP OF THE 3RD
Rome Braves batting - Pitching for Cincinnati (NYP) Reds : RHP Eduardo Barrera
Batting: SHB Berend Veldkamp 0-0: Ball
1-0: Called Strike
1-1: Ball
2-1: Swinging Strike
2-2: Strikes out swinging
Batting: SHB Jorge Valenzuela 0-0: Ground out 4-3 (Groundball, 4, EV 82.5 MPH)
Batting: RHB Kenma Tabuchi 0-0: Called Strike
0-1: Foul Ball, location: 2F
0-2: Ground out 6-3 (Groundball, 6, EV 88.1 MPH)
Top of the 3rd over - 0 runs, 0 hits, 0 errors, 0 left on base; Rome 0 - Cincinnati (NYP) 1
BOTTOM OF THE 3RD
Cincinnati (NYP) Reds batting - Pitching for Rome Braves : RHP Berend Veldkamp
Batting: LHB Tony de Jesus 0-0: Ball
1-0: Ball
2-0: Ball
3-0: Called Strike
3-1: Base on Balls
Batting: LHB Freek Martens 0-0: Called Strike
0-1: Ball
1-1: Ball
2-1: SINGLE (Groundball, 34, EV 101.3 MPH)
Tony de Jesus to second
Runner from 2nd tries for 3rd, SAFE, throw by RF made to third
Batting: RHB Kvetoslav Horvath 0-0: SINGLE (Line Drive, 9S, EV 90.6 MPH)
Tony de Jesus scores
Freek Martens to second
Runner from 2nd tries for 3rd, OUT! 9-5
Batting: LHB Leo Gonzalez 0-0: Called Strike
0-1: Ball
1-1: DOUBLE (Line Drive, 5D, EV 96.3 MPH)
Kvetoslav Horvath to third
Runner from 3rd tries for Home, SAFE, throw by LF to home
Batting: RHB Ivan Cervantes 0-0: Ground out 3-1 (Groundball, 34S, EV 67.5 MPH)
Leo Gonzalez to third
Batting: RHB Ashley Zaid 0-0: Swinging Strike
0-1: Ball
1-1: Ball
2-1: Foul Ball, location: 2F
2-2: SINGLE (Groundball, 34D, EV 96.3 MPH)
Leo Gonzalez scores
Batting: RHB Luis Aguirre 0-0: Ball
1-0: Ball
2-0: Foul Ball, location: 2F
2-1: Ball
3-1: Called Strike
3-2: Strikes out looking
Bottom of the 3rd over - 3 runs, 4 hits, 0 errors, 1 left on base; Rome 0 - Cincinnati (NYP) 4
TOP OF THE 4TH
Rome Braves batting - Pitching for Cincinnati (NYP) Reds : RHP Eduardo Barrera
Batting: LHB Yami Ojo 0-0: Ball
1-0: Ball
2-0: Called Strike
2-1: Ball
3-1: Ground out 6-3 (Groundball, 6, EV 103.8 MPH)
Batting: LHB Alex Gomez 0-0: Ball
1-0: Foul Ball, location: 2F
1-1: Called Strike
1-2: Ball
2-2: Ball
3-2: Ground out 3-1 (Groundball, 34S, EV 90.0 MPH)
Batting: LHB Brian Horton 0-0: Called Strike
0-1: Called Strike
0-2: Ball
1-2: Strikes out looking
Top of the 4th over - 0 runs, 0 hits, 0 errors, 0 left on base; Rome 0 - Cincinnati (NYP) 4
BOTTOM OF THE 4TH
Cincinnati (NYP) Reds batting - Pitching for Rome Braves : RHP Berend Veldkamp
Batting: RHB Eduardo Barrera 0-0: Ball
1-0: Ground out 5-3 (Groundball, 5, EV 76.3 MPH)
Batting: RHB Bill Simon 0-0: TRIPLE (Flyball, 7D, EV 98.8 MPH)
Batting: LHB Tony de Jesus 0-0: SINGLE (Groundball, 6M, EV 94.4 MPH)
Bill Simon scores
Pitching: LHP Gil Calas
Batting: LHB Freek Martens 0-0: Called Strike
0-1: Ball
1-1: Called Strike
1-2: Ball
Wild Pitch!
Tony de Jesus to second
2-2: Ball
3-2: 2-RUN HOME RUN (Flyball, 9D, EV 93.1 MPH), Distance : 410 ft
Batting: RHB Kvetoslav Horvath 0-0: Ball
1-0: Ball
2-0: Foul Ball, location: 2F
2-1: Ball
3-1: Base on Balls
Batting: LHB Leo Gonzalez 0-0: Ball
1-0: Ball
2-0: Ball
3-0: Called Strike
3-1: Foul Ball, location: 2F
3-2: Strikes out looking
Batting: RHB Ivan Cervantes 0-0: Called Strike
0-1: Ball
1-1: Ball
2-1: Ground out 4-3 (Groundball, 4, EV 96.9 MPH)
Bottom of the 4th over - 3 runs, 3 hits, 0 errors, 1 left on base; Rome 0 - Cincinnati (NYP) 7
TOP OF THE 5TH
Rome Braves batting - Pitching for Cincinnati (NYP) Reds : RHP Eduardo Barrera
Batting: RHB Jim Wright 0-0: Ball
1-0: Ball
2-0: Foul Ball, location: 2F
2-1: Swinging Strike
2-2: Foul Ball, location: 2F
2-2: Strikes out swinging
Batting: RHB Ed Haydon 0-0: Ball
1-0: Swinging Strike
1-1: Ball
2-1: Called Strike
2-2: Fly out, F9 (Line Drive, 9D, EV 86.9 MPH)
Batting: SHB Tom Watson 0-0: Swinging Strike
0-1: Called Strike
0-2: Ball
1-2: Ball
2-2: Hit by Pitch
Batting: SHB Gil Calas 0-0: Swinging Strike
0-1: Called Strike
0-2: Strikes out looking
Top of the 5th over - 0 runs, 0 hits, 0 errors, 1 left on base; Rome 0 - Cincinnati (NYP) 7
BOTTOM OF THE 5TH
Cincinnati (NYP) Reds batting - Pitching for Rome Braves : LHP Gil Calas
Batting: RHB Ashley Zaid 0-0: Ball
1-0: Ball
2-0: Ball
3-0: Base on Balls
Batting: RHB Luis Aguirre 0-0: Swinging Strike
0-1: Foul Ball, location: 2F
0-2: Strikes out swinging
Batting: RHB Eduardo Barrera 0-0: Bunted foul
0-1: Ball
1-1: Bunted foul
1-2: Bunted foul, Strikeout!
Batting: RHB Bill Simon 0-0: Foul Ball, location: 2F
0-1: Fielders Choice at 2nd, 6-4 (Groundball, 6, EV 80.6 MPH)
Bottom of the 5th over - 0 runs, 0 hits, 0 errors, 1 left on base; Rome 0 - Cincinnati (NYP) 7
TOP OF THE 6TH
Rome Braves batting - Pitching for Cincinnati (NYP) Reds : RHP Eduardo Barrera
Batting: SHB Jorge Valenzuela 0-0: Fly out, F7 (Flyball, 78M, EV 92.5 MPH)
Batting: RHB Kenma Tabuchi 0-0: Ball
1-0: SINGLE (Groundball, 56S, EV 69.4 MPH) (infield hit)
Batting: LHB Yami Ojo 0-0: Fielders Choice at 2nd, 4-6 (Groundball, 4, EV 85.6 MPH)
Batting: LHB Alex Gomez 0-0: Ball
1-0: Ball
Wild Pitch!
Yami Ojo to second
2-0: Called Strike
2-1: Foul Ball, location: 2F
2-2: Ball
3-2: SINGLE (Groundball, 6MD, EV 102.5 MPH)
Yami Ojo to third
Yami Ojo scores
Batting: LHB Brian Horton 0-0: Called Strike
Alex Gomez is caught stealing 2nd base 2-6
Top of the 6th over - 1 run, 2 hits, 0 errors, 0 left on base; Rome 1 - Cincinnati (NYP) 7
BOTTOM OF THE 6TH
Cincinnati (NYP) Reds batting - Pitching for Rome Braves : LHP Gil Calas
Batting: LHB Tony de Jesus 0-0: Called Strike
0-1: Foul Ball, location: 2F
0-2: Strikes out looking
Batting: LHB Freek Martens 0-0: Ball
1-0: Called Strike
1-1: Ball
2-1: Fly out, F9 (Flyball, 9, EV 85.0 MPH)
Batting: RHB Kvetoslav Horvath 0-0: Ball
1-0: Ball
2-0: Foul Ball, location: 2F
2-1: Ball
3-1: Base on Balls
Batting: LHB Leo Gonzalez 0-0: Called Strike
0-1: Foul Ball, location: 2F
0-2: Ball
1-2: Strikes out swinging
Bottom of the 6th over - 0 runs, 0 hits, 0 errors, 1 left on base; Rome 1 - Cincinnati (NYP) 7
TOP OF THE 7TH
Rome Braves batting - Pitching for Cincinnati (NYP) Reds : RHP Eduardo Barrera
Pitching: RHP Fidde van Vlaanderen
Batting: LHB Brian Horton 0-0: Ball
1-0: SINGLE (Line Drive, 4M, EV 96.9 MPH)
Batting: RHB Jim Wright 0-0: Ball
1-0: Swinging Strike
1-1: Foul Ball, location: 2F
1-2: TRIPLE (Flyball, 8RXD, EV 108.8 MPH)
Brian Horton scores
Pinch Runner at 3rd Brian Kehr:
Batting: RHB Ed Haydon 0-0: Ball
1-0: Swinging Strike
1-1: Swinging Strike
1-2: Ball
2-2: Foul Ball, location: 2F
2-2: Foul Ball, location: 2F
2-2: Ball
3-2: Foul Ball, location: 2F
3-2: Strikes out swinging
Batting: SHB Tom Watson 0-0: Ball
1-0: Foul Ball, location: 2F
1-1: Foul Ball, location: 2F
1-2: Ball
2-2: Strikes out swinging
Pinch Hitting: LHB Leonardo Sanchez 0-0: Foul Ball, location: 2F
0-1: Ball
1-1: Ball
2-1: Ball
3-1: Swinging Strike
3-2: SINGLE (Groundball, 4MD, EV 97.5 MPH)
Brian Kehr scores
Batting: SHB Jorge Valenzuela 0-0: Ball
1-0: Ball
Leonardo Sanchez steals 2nd base
2-0: Ball
3-0: Called Strike
3-1: Base on Balls
Batting: RHB Kenma Tabuchi 0-0: Ball
1-0: Swinging Strike
1-1: Ball
2-1: Ball
3-1: Foul Ball, location: 2F
3-2: Foul Ball, location: 2F
3-2: Strikes out swinging
Top of the 7th over - 2 runs, 3 hits, 0 errors, 2 left on base; Rome 3 - Cincinnati (NYP) 7
BOTTOM OF THE 7TH
Cincinnati (NYP) Reds batting - Pitching for Rome Braves : LHP Gil Calas
Pitching: RHP Javier Rivera
Now at 2B: Toshitsugu Yoshida
Batting: RHB Ivan Cervantes 0-0: Ball
1-0: Foul Ball, location: 2F
1-1: Foul Ball, location: 2F
1-2: Ball
2-2: Strikes out looking
Batting: RHB Ashley Zaid 0-0: Ball
1-0: Ball
2-0: Ball
3-0: Called Strike
3-1: Fly out, F8 (Flyball, 8RXD, EV 102.5 MPH)
Batting: RHB Luis Aguirre 0-0: Called Strike
0-1: Called Strike
0-2: Ball
1-2: Foul Ball, location: 2F
1-2: Strikes out swinging
Bottom of the 7th over - 0 runs, 0 hits, 0 errors, 0 left on base; Rome 3 - Cincinnati (NYP) 7
TOP OF THE 8TH
Rome Braves batting - Pitching for Cincinnati (NYP) Reds : RHP Fidde van Vlaanderen
Pitching: LHP Sergio Flores
Batting: LHB Yami Ojo 0-0: Ball
1-0: Swinging Strike
1-1: Ball
2-1: Foul Ball, location: 2F
2-2: SINGLE (Groundball, 34D, EV 103.8 MPH)
Batting: LHB Alex Gomez 0-0: Swinging Strike
0-1: Ball
1-1: Foul Ball, location: 2F
1-2: Ball
2-2: Foul Ball, location: 2F
2-2: Grounds into double play, 4-6-3 (Groundball, 4, EV 95.0 MPH)
Batting: LHB Brian Horton 0-0: Swinging Strike
0-1: Swinging Strike
0-2: Foul Ball, location: 2F
0-2: Strikes out looking
Top of the 8th over - 0 runs, 1 hit, 0 errors, 0 left on base; Rome 3 - Cincinnati (NYP) 7
BOTTOM OF THE 8TH
Cincinnati (NYP) Reds batting - Pitching for Rome Braves : RHP Javier Rivera
Pinch Hitting: LHB Manny Pena 0-0: Ground out U3 (Groundball, 34S, EV 86.3 MPH)
Batting: RHB Bill Simon 0-0: Ball
1-0: Ball
2-0: Foul Ball, location: 2F
2-1: Ball
3-1: Base on Balls
Batting: LHB Tony de Jesus 0-0: Ball
1-0: Ball
2-0: Foul Ball, location: 2F
2-1: Foul Ball, location: 2F
2-2: Foul Ball, location: 2F
2-2: DOUBLE (Flyball, 78D, EV 95.6 MPH)
Bill Simon to third
Batting: LHB Freek Martens 0-0: Swinging Strike
0-1: Foul Ball, location: 2F
0-2: Strikes out swinging
Batting: RHB Kvetoslav Horvath 0-0: Called Strike
0-1: Foul Ball, location: 2F
0-2: Strikes out looking
Bottom of the 8th over - 0 runs, 1 hit, 0 errors, 2 left on base; Rome 3 - Cincinnati (NYP) 7
TOP OF THE 9TH
Rome Braves batting - Pitching for Cincinnati (NYP) Reds : LHP Sergio Flores
Pitching: RHP Daniel Humphrey
Batting: RHB Toshitsugu Yoshida 0-0: Ball
1-0: Ground out 6-3 (Groundball, 56, EV 83.1 MPH)
Batting: RHB Ed Haydon 0-0: Called Strike
0-1: Hit by Pitch
Batting: SHB Tom Watson 0-0: Ball
1-0: Ball
2-0: Foul Ball, location: 2F
2-1: Fielders Choice at 2nd, 3-6 (Groundball, 3, EV 108.8 MPH)
Pinch Hitting: LHB Godofredo Arvizu 0-0: Called Strike
0-1: Foul Ball, location: 2F
0-2: Strikes out swinging
Top of the 9th over - 0 runs, 0 hits, 0 errors, 1 left on base; Rome 3 - Cincinnati (NYP) 7
Tuesday, March 28th , 2023 - OOTP Baseball 23.10 Build 110